 Dungeon Crawl Stone Soup version 0.28-a0-697-g47f3eba078 (webtiles) character file.

Game seed: 3166462033817716646

21 tatocazan the Gusty (level 2, 0/19 HPs)
             Began as a Demonspawn Air Elementalist on Oct 23, 2021.
             Frozen to death by an endoplasm (2 damage)
             ... on level 1 of the Dungeon.
             The game lasted 00:02:39 (1713 turns).

tatocazan the Gusty (Demonspawn Air Elementalist)   Turns: 1713, Time: 00:02:40

Health: 0/19       AC:  2    Str:  8    XL:     2   Next: 62%
Magic:  2/5        EV: 12    Int: 16    God:
Gold:   45         SH:  4    Dex: 13    Spells: 2/5 levels left

rFire   . . .      SeeInvis .   b - +0 dagger
rCold   . . .      Faith    .   (no shield)
rNeg    . . .      Spirit   .   a - +0 robe
rPois   .          Reflect  .   (no helmet)
rElec   .          Harm     .   (no cloak)
rCorr   .          Rampage  .   (no gloves)
Will    .....                   (no boots)
Stlth   ++........              (no amulet)
HPRegen 0.06/turn               (no ring)
MPRegen 0.09/turn               (no ring)

@: no status effects
A: condensation shield
a: no special abilities


You were on level 1 of the Dungeon.
You visited 1 branch of the dungeon, and saw 1 of its levels.

You collected 45 gold pieces.

Inventory:

Hand Weapons
 b - a +0 dagger (weapon)
Armour
 a - a +0 robe (worn)
Jewellery
 d - a ring of poison resistance
Scrolls
 c - a scroll of fog {unknown}
 e - a scroll of identify {unknown}


   Skills:
 + Level 2.0 Dodging
 + Level 2.1 Stealth
 + Level 2.1 Spellcasting
 + Level 1.4 Conjurations
 * Level 3.0 Air Magic


You had 2 spell levels left.
You knew the following spells:

 Your Spells              Type           Power      Damage    Failure   Level
a - Shock                 Conj/Air       32%        1d5       9%          1
b - Static Discharge      Conj/Air       8%         N/A       12%         2

Your spell library contained the following spells:

 Spells                   Type           Power      Damage    Failure   Level
 Swiftness                Air            11%        N/A       19%         3
 Airstrike                Air            5%         N/A       52%         4


Dungeon Overview and Level Annotations

Branches:
Dungeon (1/15)

Altars:


Innate Abilities, Weirdness & Mutations

A meltable shield of frost defends you. (SH +4)


Message History

The goblin is severely wounded.
The goblin hits you with a +0 dagger.
You take 2 damage, and have 14/19 hp.
The ball python closely misses you. The ball python barely misses you.
The frilled lizard bites you but does no damage.
The goblin closely misses you. The endoplasm hits you.
The ball python barely misses you. The ball python closely misses you.
You see here 13 stones.
Casting: Shock (safe; 9% risk of failure)
Confirm with . or Enter, or press ? or * to list all spells.
The ball python is struck by an arc of lightning!
You kill the ball python!
The lightning grounds out.
The frilled lizard bites you but does no damage.
The goblin barely misses you. The endoplasm freezes you.
You are frozen.
Your Air Magic skill increases to level 3!
You take 3 damage, and have 11/19 hp.
You now have 3/5 mp.
Casting: Static Discharge (safe; 12% risk of failure)
Confirm with . or Enter, or press ? or * to list all spells.
The endoplasm is struck by an arc of lightning.
The endoplasm is severely wounded.
You are struck by an arc of lightning.
The lightning grounds out.
The frilled lizard misses you. The goblin barely misses you.
The endoplasm freezes you.
You are frozen.
You take 4 damage, and have 7/19 hp.
MASSIVE DAMAGE!!
You now have 1/5 mp.
The frilled lizard bites you but does no damage.
The frilled lizard bites you.
* * * LOW HITPOINT WARNING * * *
You take 3 damage, and have 4/19 hp.
The frilled lizard bites you.
* * * LOW HITPOINT WARNING * * *
You take 2 damage, and have 2/19 hp.
You aren't carrying any potions.
You closely miss the frilled lizard. The endoplasm freezes you.
You are frozen.
You die...

###...>(...............
#......#K#######.####
#......#.# #...#
####......#g# #.###
.........K..# #.#
.........#### #.#
.......Jg# #.#
......lJ.# #####.#
.......@.# ##.....#
.........# #......#
########## #..)^..#
#.....## #.....#######
#............
#............
##...........
#...........


You could see 2 endoplasms, a goblin, a kobold and a frilled lizard.

Vanquished Creatures
  A dart slug (D:1)
  2 giant cockroaches (D:1)
  3 goblins (D:1)
  2 hobgoblins (D:1)
  2 quokkas (D:1)
  5 ball pythons (D:1)
  2 frilled lizards (D:1)
  A rat (D:1)
18 creatures vanquished.

Notes
Turn   | Place    | Note
-------+----------+-------------------------------------------
     0 | D:1      | tatocazan the Demonspawn Air Elementalist began the quest
                  | for the Orb.
     0 | D:1      | Reached XP level 1. HP: 13/13 MP: 3/3
   760 | D:1      | Gained mutation: A meltable shield of frost defends you.
                  | (SH +4) [demonic ancestry]
   760 | D:1      | Reached XP level 2. HP: 19/19 MP: 0/5
  1124 | D:1      | Learned a level 2 spell: Static Discharge
  1701 | D:1      | Reached skill level 3 in Air Magic
  1713 | D:1      | Frozen to death by an endoplasm

Illustrated notes

Levels and vault maps discovered:
D:1:      tarquinn_simple_flora_water_c, layout_basic, fountainhead

Skill      XL: |  1  2 |
---------------+-------+-----
Stealth        | 2 |  2.1
Dodging        | 2 |  2.0
Air Magic      | 3 |  3.0
Spellcasting   | |  2.1
Conjurations   | |  1.4

Action                   || total
-------------------------++-------
Melee: Unarmed           ||     4
       Dagger            ||    10
 Cast: Shock             ||    36
       Static Discharge  ||     2
Armor: Robe              ||     5
Dodge: Dodged            ||    22

Table legend: (Time is in decaauts)
 A = Elapsed time spent in this place.
 B = Non-inter-level travel time spent in this place.
 C = Inter-level travel time spent in this place.
 D = Time resting spent in this place.
 E = Time spent auto-exploring this place.
 F = Levels seen in this place.
 G = Mean time per level.
                   A        B        C        D        E       F      G
               +--------+--------+--------+--------+--------+-----+--------+
         Total |   1713 |   1713 |      0 |   1043 |    476 |   1 | 1713.0 |
       Dungeon |   1713 |   1713 |      0 |   1043 |    476 |   1 | 1713.0 |
               +--------+--------+--------+--------+--------+-----+--------+

Top non-repeatable levels by time:
     D:1: 1713 daAuts
